 Dungeon Crawl Stone Soup version 0.18.1-8-gdd0e5ea (webtiles) character file.

898 zeroDi the Covert (level 8, -3/38 HPs)
             Began as a Vine Stalker Assassin on May 25, 2016.
             Slain by a sky beast (5 damage)
             ... on level 5 of the Dungeon.
             The game lasted 00:15:07 (6023 turns).

zeroDi the Covert (Vine Stalker Assassin)           Turns: 6023, Time: 00:15:08

Health: -3/38      AC:  3    Str: 14    XL:     8   Next: 7%
Magic:  0/9        EV:  6    Int: 11    God:
Gold:   225        SH:  0    Dex: 18    Spells: 1 memorised, 6 levels left

rFire  . . .     SeeInvis .     a - +2 dagger
rCold  . . .     Gourm    .     c - +0 robe
rNeg   . . .     Faith    .     (no shield)
rPois  .         Spirit   +     (no helmet)
rElec  .         Dismiss  .     d - +0 cloak
rCorr  .         Reflect  .     (no gloves)
SustAt .         Harm     .     (no boots)
MR     +....                    (no amulet)
Stlth  +++++.....               (no ring)
                                (no ring)

@: somewhat resistant to hostile enchantments, quite stealthy
A: fangs 3, regeneration 2, magic shield, antimagic bite, no device heal 3, rot
immunity
a: no special abilities


You were on level 5 of the Dungeon.
You were not hungry.

You visited 2 branches of the dungeon, and saw 7 of its levels.

You collected 225 gold pieces.


Innate Abilities, Weirdness & Mutations

You have razor-sharp teeth.
You heal very quickly.
When hurt, damage is shared between your health and your magic reserves.
Your bite disrupts and absorbs the magic of your enemies.
Potions and wands cannot restore your health.
You are immune to rotting.


   Skills:
 - Level 1.7 Fighting
 - Level 5.5 Short Blades
 - Level 1.7 Throwing
 - Level 0.7 Dodging
 + Level 10.0 Stealth


You had 6 spell levels left.
You knew the following spells:

 Your Spells              Type           Power        Failure   Level  Hunger
a - Summon Butterflies    Summ           #.......     34%         1    ##.....

Inventory:

Hand Weapons
 a - a +2 dagger (weapon)
 b - a +0 blowgun
Missiles
 e - 54 poisoned needles
 f - 2 curare-tipped needles {=f}
 o - 3 tomahawks (quivered)
 A - 7 needles of sleeping
Armour
 c - a +0 robe (worn)
 d - a +0 cloak (worn)
Scrolls
 j - 3 scrolls of recharging {unknown}
 r - 5 scrolls of identify {unknown}
 s - 2 scrolls of teleportation {unknown}
 w - 2 scrolls of blinking {unknown}
 y - a scroll of amnesia {unknown}
Potions
 h - 2 potions of lignification {unknown}
 i - a potion of might {unknown}
 k - 2 potions of curing {unknown}
 m - a potion of mutation {unknown}
 q - a potion of invisibility {unknown}
 u - a potion of haste {unknown}
 v - a potion of flight {unknown}
 x - a potion of cure mutation {unknown}
 B - 2 potions of ambrosia {unknown}
 F - 2 potions of degeneration {unknown}
Books
 D - a book of Beasts

   Spells                             Type                      Level
   a - Summon Butterflies             Summoning                    1
   b - Call Canine Familiar           Summoning                    3
   c - Summon Ice Beast               Ice/Summoning                4
   d - Summon Mana Viper              Hexes/Summoning              5
   e - Summon Hydra                   Summoning                    7
Miscellaneous
 C - a plain deck of summoning
Comestibles
 g - 2 bread rations
 n - a royal jelly
 p - a slice of pizza
 t - 3 meat rations
 z - a beef jerky
 E - 4 chunks of flesh

Dungeon Overview and Level Annotations

Branches:
Dungeon (6/15)             Temple (1/1) D:5

Altars:
Cheibriados
Dithmenos
Elyvilon
Gozag
Kikubaaqudgha
Makhleb
Nemelex Xobeh
Pakellas
Qazlal
Ru
Sif Muna
Trog
Xom
Zin
The Shining One

Shops:
D:4 *

Annotations:
D:2 Natasha
D:4 Menkaure
D:6 Dowan, Duvessa

#.# ##...##.# #.# #.#
##+###(# #####.# ..# #.#
#.# #.....# #.#########.#
#.# #.###.#
#........##.###.# #.# #.#
.......#.#...##.###.###.#
..####.#......#.........#
.>รท..#.#.#...######.#####
..##...........Y@H..#
.......#.##.#########
#.######.##.#
#........##.#
#######.###.# ###
###..##.# ..# #.....#.#
#.# #.#.#.#.##### #.#
#.....#.#...#


You could see a hippogriff and a sky beast.


Message History

* * * LOW HITPOINT WARNING * * *
You barely miss something. You bite something. Something hits you.
* * * LOW HITPOINT WARNING * * *
Something shocks you.
* * * LOW HITPOINT WARNING * * *
A sky beast appears from thin air!
Reactivating autopickup.
Dowan smirks and points a slender finger.
There is a stone staircase leading up here.
You climb upwards.
The hippogriff bites you.
* * * LOW HITPOINT WARNING * * *
The hippogriff closely misses you. x2; The hippogriff bites you!
* * * LOW HITPOINT WARNING * * *
The hippogriff pecks you but does no damage.
The hippogriff closely misses you.
There is a stone staircase leading down, spattered with blood here.
The sky beast hits you.
* * * LOW HITPOINT WARNING * * *
The sky beast shocks you.
You die...

Action                   |  1- 3 |  4- 6 |  7- 9 || total
-------------------------+-------+-------+-------++-------
Melee: Dagger            |    79 |   257 |   189 ||   525
       Bite              |    21 |    78 |    56 ||   155
 Fire: Blowgun           |       |    14 |    10 ||    24
Throw: Javelin           |     2 |     1 |     7 ||    10
       Tomahawk          |       |       |     5 ||     5
 Cast: Summon Butterflie |       |       |     2 ||     2
 Stab: Sleeping          |     5 |     9 |     6 ||    20
       Distracted        |       |     3 |     2 ||     5
  Eat: Chunk             |       |    11 |     5 ||    16
Armor: Robe              |    20 |    33 |    45 ||    98
Dodge: Dodged            |    50 |   122 |    97 ||   269

Vault maps used:
D:1:      minmay_arrival_radiant_lines
D:2:      hangedman_decor_peaks_small, minivault_27, uniq_natasha
D:3:      nicolae_dithmenos_shadow_blocks, uniq_iyjb
D:4:      serial_shops, kennysheep_mini, first_bread, uniq_menkaure
D:5:      lemuel_crystal_altar, nemelex_deck, led_sif_book, temple_green,
          basic_altar, minmay_misc_feat_five
D:6:      lemuel_crystal_altar, uniq_duvessa
Temple:   triangle_lava_temple_11

Notes
Turn   | Place    | Note
--------------------------------------------------------------
     0 | D:1      | zeroDi the Vine Stalker Assassin began the quest for the Orb.
     0 | D:1      | Reached XP level 1. HP: 11/11 MP: 2/2
    68 | D:1      | Reached skill level 2 in Short Blades
   264 | D:1      | Reached XP level 2. HP: 15/15 MP: 3/3
   650 | D:1      | Reached skill level 3 in Short Blades
   657 | D:1      | Reached XP level 3. HP: 12/18 MP: 4/4
  1303 | D:2      | Reached XP level 4. HP: 23/23 MP: 5/5
  1427 | D:2      | Noticed Natasha
  1447 | D:2      | Reached skill level 4 in Short Blades
  1478 | D:2      | Killed Natasha
  2091 | D:2      | Noticed Natasha
  2099 | D:2      | Killed Natasha
  2099 | D:2      | Reached XP level 5. HP: 16/26 MP: 6/6
  2281 | D:2      | Noticed Natasha
  2333 | D:3      | Found a shadowy altar of Dithmenos.
  2570 | D:3      | Reached skill level 5 in Short Blades
  2961 | D:3      | Gained mutation: You heal very quickly. [Vine Stalker growth]
  2961 | D:3      | Reached XP level 6. HP: 13/30 MP: 7/7
  3024 | D:3      | Noticed Ijyb
  3038 | D:3      | Killed Ijyb
  3038 | D:3      | Reached skill level 5 in Stealth
  3368 | D:3      | Reached skill level 6 in Stealth
  3905 | D:4      | Found Azusash's General Store.
  4270 | D:4      | Noticed Menkaure
  4318 | D:5      | Entered Level 5 of the Dungeon
  4347 | D:5      | Reached skill level 7 in Stealth
  4347 | D:5      | Reached XP level 7. HP: 23/34 MP: 5/8
  4427 | D:5      | Found a sparkling altar of Nemelex Xobeh.
  4476 | D:5      | Found a staircase to the Ecumenical Temple.
  4544 | Temple   | Entered the Ecumenical Temple
  4763 | D:5      | Found a snail-covered altar of Cheibriados.
  4961 | D:5      | Reached skill level 8 in Stealth
  5046 | D:5      | Found a deep blue altar of Sif Muna.
  5180 | D:5      | Learned a level 1 spell: Summon Butterflies
  5325 | D:5      | Reached skill level 9 in Stealth
  5560 | D:5      | Found a sacrificial altar of Ru.
  5723 | D:6      | Noticed Neebert's ghost (amateur TeSu)
  5894 | D:6      | Noticed a hippogriff
  5972 | D:6      | Noticed Duvessa
  5975 | D:6      | Noticed Dowan
  6002 | D:6      | Killed Neebert's ghost
  6002 | D:6      | Reached skill level 10 in Stealth
  6002 | D:6      | Gained mutation: You have razor-sharp teeth. [Vine Stalker growth]
  6002 | D:6      | Reached XP level 8. HP: 25/38 MP: 6/9
  6008 | D:6      | HP: 3/38 [something (4)]
  6022 | D:5      | HP: 3/38 [hippogriff (6)]
  6023 | D:5      | Slain by a sky beast

Vanquished Creatures
  The ghost of Neebert the Caller, an amateur TeSu (D:6)
  A howler monkey (D:5)
  2 crimson imps (D:5)
  A giant frog zombie (D:5)
  A hound (D:5)
  2 giant frog skeletons
  2 worker ants (D:5)
  Ijyb (D:3)
  Natasha (twice) (D:2)
  7 orc wizards
  A worker ant zombie (D:5)
  8 gnolls (D:3)
  9 adders
  A shadow imp (D:3)
  An ooze (D:2)
  2 worms
  6 dart slugs
  5 giant geckos
  10 orcs
  3 bats
  5 giant cockroaches
  3 goblins
  4 hobgoblins
  14 jackals
  11 kobolds
  A quokka (D:4)
  A giant gecko skeleton (D:4)
  7 giant newts
  A jackal skeleton (D:5)
  6 rats
119 creatures vanquished.
